 Dungeon Crawl Stone Soup version 0.27.0-1-g7a089689b8 (webtiles) character file.

Game seed: 2332542427762329079

18100 Snarg the Nimble (level 12, -1/91 HPs)
             Began as a Djinni Wanderer on July 30, 2021.
             Was a High Priest of Okawaru.
             Slain by a cane toad (15 damage)
             ... on level 2 of the Lair of Beasts on Aug 2, 2021.
             The game lasted 01:26:25 (20896 turns).

Snarg the Nimble (Djinni Wanderer)                 Turns: 20896, Time: 01:26:26

Health: -1/91      AC: 13    Str: 20    XL:     12   Next: 90%
Gold:   877        EV: 16    Int: 16    God:    Okawaru [*****.] SH:  6 Dex: 15

rFire    + + +     SeeInvis .   b - +10 quick blade of Destiny {vorpal, *Noise rPois Str+5 Dex+3}
rCold    x . .     Faith    .   l - +2 buckler
rNeg     . . .     Spirit   .   e - +0 acid dragon scales
rPois    ∞         Reflect  .   (no helmet)
rElec    .         Harm     .   Y - +2 cloak
rCorr    +         Rampage  .   E - +1 pair of gloves
Will     ++...                  (boots unavailable)
Stlth    +++.......             (no amulet)
HPRegen  0.25/turn              B - ring of protection from fire
MPRegen  0.00/turn              F - ring of willpower

@: flying
A: sickness immunity, fire resistance 2, cold vulnerability 1, float, innate
caster, hp casting, extra vitality 1
a: Renounce Religion, Heroism, Finesse


You were on level 2 of the Lair of Beasts.
You worshipped Okawaru.
Okawaru was extremely pleased with you.
You visited 2 branches of the dungeon, and saw 13 of its levels.
You also visited: Sewer.

You collected 877 gold pieces.

Inventory:

Hand Weapons
 a - a +2 rapier of speed
 b - the +10 quick blade of Destiny (weapon) {vorpal, *Noise rPois Str+5 Dex+3}
   (You acquired it on level 10 of the Dungeon)

   It inflicts extra damage upon your enemies.
   Str:       It affects your strength (+5).
   Dex:       It affects your dexterity (+3).
   rPois:     It protects you from poison.
   *Noise:    It may make noises in combat.
 d - a +2 dagger of draining
 h - a +1 dagger of holy wrath
 K - a +1 dagger of venom
 W - a +3 scimitar of freezing
Missiles
 m - 7 boomerangs
 n - 91 poisoned darts
 o - 3 datura-tipped darts
 C - 5 silver boomerangs
 D - 2 curare-tipped darts
 M - 2 silver javelins
 P - a throwing net
Armour
 e - +0 acid dragon scales (worn)
 i - a +1 chain mail of cold resistance
 l - a +2 buckler (worn)
 E - a +1 pair of gloves (worn)
 Y - a +2 cloak (worn)
Magical Staves
 k - a staff of cold
 s - a staff of poison
Jewellery
 B - a ring of protection from fire (left hand)
 F - a ring of willpower (right hand)
Wands
 w - a wand of acid (6)
 I - a wand of charming (5)
 Q - a wand of mindburst (19)
 T - a wand of polymorph (11)
 U - a wand of flame (38)
 V - a wand of iceblast (16)
Scrolls
 c - a scroll of identify
 g - a scroll of vulnerability {unknown}
 p - 5 scrolls of magic mapping
 v - a scroll of silence {unknown}
 y - 2 scrolls of teleportation
 H - a scroll of immolation {unknown}
 J - a scroll of blinking {unknown}
 L - 2 scrolls of fog
 N - 3 scrolls of noise {unknown}
Potions
 f - 3 potions of brilliance
 q - 3 potions of heal wounds
 r - 4 potions of curing
 t - 5 potions of lignification
 u - 3 potions of resistance
 x - 2 potions of cancellation
 A - 5 potions of haste
 G - a potion of berserk rage
 S - a potion of flight {unknown}


   Skills:
 + Level 9.9 Fighting
 + Level 6.8 Short Blades
 - Level 2.0 Throwing
 - Level 6.0 Armour
 + Level 10.9 Dodging
 - Level 5.0 Stealth
 * Level 1.9 Shields
 - Level 8.0 Spellcasting
 * Level 6.7 Invocations
 + Level 1.7 Evocations


You couldn't memorise any spells.
You knew the following spells:

 Your Spells              Type           Power      Damage    Failure   Level
a - Magic Dart            Conj           100%       1d8       1%          1
b - Blink                 Tloc           N/A        N/A       1%          2
c - Call Imp              Summ           32%        N/A       1%          2
d - Slow                  Hex            32%        N/A       1%          2
e - Conjure Flame         Conj/Fire      32%        6-21      1%          3
f - Mephitic Cloud        Conj/Pois/Air  32%        N/A       1%          3
g - Freeze                Ice            100%       1d11      1%          1
h - Wereblood             Tmut           32%        N/A       1%          2
i - Swiftness             Air            32%        N/A       1%          3
j - Summon Ice Beast      Ice/Summ       32%        N/A       7%          4
k - Sticky Flame          Conj/Fire      32%        2d5       7%          4

Your spell library contained the following spells:

 Spells                   Type           Power      Damage    Failure   Level


Dungeon Overview and Level Annotations

Branches:
Dungeon (11/15)            Temple (0/1) D:5            Lair (2/6) D:11
    Orc (0/2) D:11          Sewer (visited)
  Swamp: Lair:2-4    Shoals: Lair:2-4     Snake: Lair:2-4    Spider: Lair:2-4

Altars:
Gozag
Kikubaaqudgha
Okawaru
Sif Muna
Trog
Wu Jian
Xom
Yredelemnul
The Shining One

Shops:
D:1 (   D:2 =

Annotations:
D:1 clr
D:2 clrt
D:3 clr
D:4 clr
D:5 clr
D:6 clr
D:7 clr
D:8 2 transporters, clr
D:9 clr
D:10 2 transporters, clr, Almightybob's ghost, novice DsCK
D:11 dig vault, clr
Lair:1 clr


Innate Abilities, Weirdness & Mutations

You are immune to sickness and miasma.
You are immune to poison.
Your flesh is very heat resistant. (rF++)
You are vulnerable to cold. (rC-)
You float through the air rather than walking.
You learn spells naturally, not from books.
Your magical power is your life essence.
You have superior vitality. (+4 HP)


Message History

Press: ? - help, Shift-Dir - straight line, f - cane toad
Aim: a cane toad (noxious fumes, 75% to hit)
The bolt of acid hits the cane toad!
The cane toad is splashed with acid.
You kill the cane toad!
Okawaru accepts your kill.
The bolt of acid hits the cane toad!
The cane toad is splashed with acid.
The acid corrodes the cane toad!
The cane toad is heavily wounded.
The water moccasin barely misses you.
The bullfrog is engulfed in noxious fumes.
The bullfrog appears confused.
The bullfrog hits you but does no damage.
The cane toad closely misses you.
A naga comes into view. It is wielding a +0 flail.
Unknown command.
Unknown command.
Unknown command.
Unknown command.
Unknown command.
The bullfrog is engulfed in noxious fumes.
The bullfrog appears confused.
The bullfrog barely misses you. The cane toad stings you.
You block the water moccasin's attack.
The bullfrog is engulfed in noxious fumes.
The bullfrog appears confused.
The bullfrog barely misses you.
You catch the helpless bullfrog completely off-guard!
You puncture the bullfrog!
You kill the bullfrog!
Okawaru accepts your kill.
A komodo dragon comes into view.
The water moccasin bites you. The cane toad stings you!
* * * LOW HITPOINT WARNING * * *
Unknown command.
Unknown command.
Unknown command.
Unknown command.
As you read the scroll of summoning, it crumbles to dust.
Wisps of shadow whirl around you... You block the water moccasin's attack.
The cane toad stings you!
You die...

## ##.#....
##.###......##
.#...........P##
..........$....#
>.............###
..............P.#
................#
≈.N....F.......P#
P......°S@.S...#
N.....°○F......#
........<†.....#
.##...........##
#...........P#
##..........##
##....l....#
#........##
#P........


You could see a komodo dragon, a cane toad (corroded), a water moccasin (ally
target), a naga, a friendly black mamba (summoned) and a friendly bullfrog
(summoned).

Vanquished Creatures
  Josephine (D:10)
  A hydra (Lair:1)
  3 two-headed ogres
  An orc knight (D:11)
  2 deep elf pyromancers (D:8)
  An ugly thing (D:11)
  2 cyclopes
  A black mamba (Lair:2)
  2 cane toads (Lair:2)
  An unseen horror (D:10)
  2 komodo dragons (Lair:1)
  Grinder (D:5)
  A hornet (D:8)
  5 blink frogs (Lair:1)
  3 slime creatures (D:7)
  Sigmund (D:3)
  A vampire (D:10)
  3 wraiths (D:10)
  A shadow (D:8)
  6 yaks (Lair:1)
  2 wyverns
  2 steam dragons (D:8)
  Grum (D:11)
  3 acid dragons
  2 water moccasins (Lair:1)
  4 black bears
  2 ice beasts (D:7)
  8 orc warriors
  A necrophage (D:6)
  4 wolves (D:11)
  5 ogres
  A centaur (D:8)
  2 phantoms (D:6)
  4 kobold brigands (Sewer)
  8 bullfrogs
  2 gnoll sergeants (D:8)
  A water moccasin zombie (D:6)
  A water moccasin skeleton (D:6)
  9 killer bees
  9 wights
  9 howler monkeys
  A crimson imp (D:4)
  3 centaur zombies
  Crazy Yiuf (D:3)
  2 gnoll shamans
  A jelly (D:8)
  5 orc priests
  A bullfrog skeleton (D:4)
  3 hounds
  2 centaur skeletons
  Terence (D:3)
  An iguana (D:6)
  5 orc wizards
  A hound zombie (D:4)
  16 gnolls
  A howler monkey skeleton (D:4)
  4 river rats (Sewer)
  13 adders
  A white imp (D:6)
  6 worms
  2 dart slugs
  43 orcs
  8 bats
  13 endoplasms
  2 giant cockroaches
  8 hobgoblins
  2 quokkas
  10 ball pythons
  4 frilled lizards
  2 goblins (D:1)
  A goblin skeleton (D:4)
  A goblin zombie (D:4)
  2 hobgoblin zombies (D:4)
  A jackal skeleton (D:4)
  19 kobolds
  A kobold skeleton (D:4)
  4 kobold zombies (D:4)
  An orc skeleton (D:4)
  2 orc zombies (D:4)
  18 rats
331 creatures vanquished.

Vanquished Creatures (collateral kills)
  A two-headed ogre (D:9)
  A meliai (D:9)
  A wraith (D:10)
  A shadow (D:8)
  A kobold brigand (D:9)
  A wyvern zombie (D:8)
  An iguana (D:6)
  A howler monkey zombie (D:9)
  An orc (D:6)
9 creatures vanquished.

Vanquished Creatures (others)
  9 fungi
  8 plants (Lair:1)
17 creatures vanquished.

Grand Total: 357 creatures vanquished

Notes
Turn   | Place    | Note
-------+----------+-------------------------------------------
     0 | D:1      | Snarg the Djinni Wanderer began the quest for the Orb.
     0 | D:1      | Reached XP level 1. HP: 15/15 MP: 0/0
   180 | D:1      | Found Coosan's Antique Weapon Emporium.
   215 | D:1      | Reached XP level 2. HP: 17/22 MP: 0/0
   217 | D:1      | Reached skill level 1 in Fighting
   500 | D:1      | Found a faded altar of an unknown god.
   541 | D:1      | HP: 1/23 [dart slug/slug dart (2)]
   790 | D:1      | Reached XP level 3. HP: 26/28 MP: 0/0
   790 | D:1      | Learned a level 1 spell: Freeze
   879 | D:1      | Became a worshipper of Warmaster Okawaru
   879 | D:1      | Reached * piety under Okawaru
  1255 | D:2      | Reached skill level 1 in Dodging
  1396 | D:2      | Reached XP level 4. HP: 33/33 MP: 0/0
  1411 | D:2      | Found Dafup's Jewellery Shop.
  1453 | D:2      | Reached skill level 1 in Short Blades
  2294 | D:3      | Found a runed translucent door.
  2392 | D:3      | Upgraded the game from 0.27.0 to 0.27.0-1-g7a089689b8
  2714 | D:3      | Noticed Terence
  2716 | D:3      | Noticed Sigmund
  2723 | D:3      | Killed Sigmund
  2723 | D:3      | Reached ** piety under Okawaru
  2724 | D:3      | Reached skill level 2 in Dodging
  2724 | D:3      | Reached skill level 1 in Invocations
  2724 | D:3      | Reached XP level 5. HP: 31/40 MP: 0/0
  2724 | D:3      | Learned a level 2 spell: Wereblood
  2724 | D:3      | Reached XP level 6. HP: 35/46 MP: 0/0
  2726 | D:3      | Killed Terence
  3732 | D:3      | Noticed Crazy Yiuf
  3760 | D:3      | Killed Crazy Yiuf
  3863 | D:4      | Reached skill level 3 in Dodging
  3917 | D:4      | Found a glowing drain.
  3940 | Sewer    | Entered a sewer
  3978 | Sewer    | Reached XP level 7. HP: 40/50 MP: 0/0
  3978 | Sewer    | Learned a level 3 spell: Swiftness
  4634 | Sewer    | Reached skill level 4 in Dodging
  4850 | Sewer    | Reached XP level 8. HP: 53/58 MP: 0/0
  5082 | D:4      | Found an iron altar of Okawaru.
  5114 | D:4      | Found a glowing golden altar of the Shining One.
  5121 | D:4      | Reached *** piety under Okawaru
  5919 | D:5      | Entered Level 5 of the Dungeon
  5957 | D:5      | Found a staircase to the Ecumenical Temple.
  6050 | D:5      | Noticed Grinder
  6655 | D:6      | Reached skill level 1 in Armour
  6655 | D:6      | Reached skill level 5 in Dodging
  6699 | D:6      | Reached skill level 5 in Fighting
  6699 | D:6      | Reached XP level 9. HP: 16/65 MP: 0/0
  6699 | D:6      | Learned a level 4 spell: Summon Ice Beast
  6699 | D:6      | Found a shimmering altar of Xom.
  7429 | D:6      | Found a shimmering altar of Xom.
  7431 | D:6      | Found a shimmering altar of Xom.
  7431 | D:6      | Found a shimmering altar of Xom.
  7595 | D:6      | Reached **** piety under Okawaru
  7596 | D:6      | Reached skill level 5 in Short Blades
  7596 | D:6      | Reached skill level 6 in Dodging
  9254 | D:7      | Noticed a cyclops
  9599 | D:7      | Noticed a slime creature
  9604 | D:7      | Noticed a slime creature
  9607 | D:7      | Noticed a slime creature
  9626 | D:7      | Killed a slime creature
  9837 | D:7      | Killed a slime creature
  9838 | D:7      | Reached XP level 10. HP: 51/72 MP: 0/0
  9846 | D:7      | Reached skill level 5 in Armour
  9973 | D:7      | Found an opulent altar of Gozag.
 10141 | D:8      | Reached ***** piety under Okawaru
 10142 | D:8      | Reached skill level 7 in Dodging
 10333 | D:8      | Noticed a flayed ghost
 10335 | D:8      | Found a basalt altar of Yredelemnul.
 11044 | D:8      | Noticed a two-headed ogre
 11057 | D:8      | Killed a two-headed ogre
 11161 | D:8      | Found a transporter.
 11173 | D:8      | Found a transporter.
 11533 | D:8      | Reached skill level 5 in Stealth
 11554 | D:8      | Reached skill level 8 in Dodging
 11676 | D:8      | Noticed a two-headed ogre
 11693 | D:8      | Killed a two-headed ogre
 11693 | D:8      | Received a gift from Okawaru
 11694 | D:8      | Reached skill level 5 in Invocations
 11694 | D:8      | Reached XP level 11. HP: 62/79 MP: 0/0
 11694 | D:8      | Learned a level 4 spell: Sticky Flame
 11974 | D:8      | Noticed a deep elf pyromancer
 11991 | D:8      | Killed a deep elf pyromancer
 12011 | D:8      | Reached skill level 1 in Throwing
 12313 | D:8      | Noticed a cyclops
 12329 | D:8      | Noticed a deep elf pyromancer
 12333 | D:8      | Killed a cyclops
 12581 | D:8      | Killed a deep elf pyromancer
 13370 | D:9      | Noticed a two-headed ogre
 13732 | D:9      | Killed a two-headed ogre
 13973 | D:9      | Identified 2 scrolls of acquirement
 13973 | D:9      | Acquired a +2 rapier of speed
 14511 | D:7      | Killed a cyclops
 14988 | D:5      | Killed Grinder
 14989 | D:5      | Reached skill level 9 in Dodging
 15081 | D:10     | Entered Level 10 of the Dungeon
 15124 | D:10     | Found a transporter.
 15126 | D:10     | Noticed a tengu warrior
 15553 | D:10     | Noticed Josephine
 15554 | D:10     | Noticed a centaur warrior
 15562 | D:10     | Killed Josephine
 15563 | D:10     | Reached skill level 1 in Evocations
 15705 | D:10     | Noticed Almightybob's ghost (novice DsCK)
 15959 | D:10     | Found a transporter.
 15959 | D:10     | Noticed a two-headed ogre
 15960 | D:10     | Found a bloodstained altar of Trog.
 15960 | D:10     | Noticed a moth of wrath
 15974 | D:10     | Noticed a two-headed ogre
 16211 | D:10     | Acquired the +10 quick blade of Destiny {vorpal, *Noise
                  | rPois Str+5 Dex+3}
 16437 | D:10     | Found an ornate altar of the Wu Jian Council.
 16756 | D:10     | Received a gift from Okawaru
 17114 | D:10     | Reached XP level 12. HP: 80/88 MP: 0/0
 17722 | D:11     | Identified the +0 robe of Sosaxtej {+Blink Regen+ Str+7
                  | Dex-5}
 17924 | D:11     | Noticed a two-headed ogre
 17934 | D:11     | Killed a two-headed ogre
 18279 | D:11     | Reached skill level 10 in Dodging
 18456 | D:11     | Found a staircase to the Orcish Mines.
 18587 | D:11     | Found a staircase to the Lair.
 18603 | Lair:1   | Entered Level 1 of the Lair of Beasts
 19139 | D:11     | Noticed Grum
 19151 | D:11     | Received a gift from Okawaru
 19156 | D:11     | Killed Grum
 19410 | Lair:1   | Noticed a six-headed hydra
 19461 | Lair:1   | Killed a six-headed hydra
 20258 | Lair:1   | Received a gift from Okawaru
 20896 | Lair:2   | Slain by a cane toad

Illustrated notes

Levels and vault maps discovered:
D:1:      dpeg_arrival_ratfight, layout_rooms, basic_ecumenical_altar,
          serial_shops, nicolae_shop_crystal
D:2:      layout_rooms, serial_shops, nicolae_shop_statue_plus,
          minmay_pentomino_r4
D:3:      layout_basic, uniq_sigmund, uniq_crazy_yiuf_cottage, uniq_terence
D:4:      layout_cave_pools, nicolae_tso_besieged_by_evil,
          kennysheep_little_box, cheibrodos_sewer_entry_bend,
          kennysheep_generic_room_12
D:5:      layout_rooms, minmay_temple_entry_mini_moons, minmay_crystal_room,
          uniq_grinder
D:6:      layout_loops_ring, xom_redecorated
D:7:      layout_loops_ring, grunt_gozag_statues, minivault_19
D:8:      layout_loops_ring, gammafunk_temple_of_torment, nzn_random_ring
D:9:      layout_long_grid
D:10:     layout_basic, mainiacjoe_overflow_divided_tiny,
          gammafunk_ghost_wrathful_warriors, uniq_josephine
D:11:     layout_cave_pools, grunt_lair_entry_orc_guard_hut, orc_0_dummy,
          serial_co_window_serial, co_window_paths_a, co_window_corner_a,
          co_window_paths_b, co_window_of_opportunity_a, co_window_paths_b,
          co_window_corner_a, co_window_cross_2, co_window_broadway_a,
          co_window_broadway_c, co_window_of_opportunity_b,
          co_window_unsneaky_path_e, co_window_corner_ca, co_window_paths_d,
          special_room [special_room_orc], minivault_21, uniq_grum
Lair:1:   layout_small_grid, cheibrodos_lair_caveside_slide, grunt_megastairs_4,
          infiniplex_staircase_pool_2, serial_bayou_shore_b
Lair:2:   layout_cave_pods, guppyfry_snake_entry_island, st_stairs_5,
          lemuel_fruit_tree

Skill      XL: |  1  2  3  4  5  6  7  8  9 10 11 12 |
---------------+-------------------------------------+-----
Fighting       | 1 2 3 4 5 6 7 8 9 |  9.9
Dodging        | 1 2 3 4 5 6 8 9 10 | 10.9
Short Blades   | 2 3 4 5 6 |  6.8
Stealth        | 2 3 5 |  5.0
Invocations    | 1 2 3 5 6 |  6.7
Armour         | 2 4 5 6 |  6.0
Spellcasting   | 7 8 |  8.0
Throwing       | 1 2 |  2.0
Evocations     | 1 |  1.7
Shields        | |  1.9

Action                   |  1- 3 |  4- 6 |  7- 9 | 10-12 || total
-------------------------+-------+-------+-------+-------++-------
Melee: Club              |     5 |       |       |       ||     5
       Short sword       |     7 |       |     7 |       ||    14
       Dagger            |    33 |    66 |   289 |   244 ||   632
       Rapier            |       |       |       |    83 ||    83
       Quick blade       |       |       |       |   103 ||   103
Throw: Dart              |       |       |     2 |    10 ||    12
       Boomerang         |       |       |     2 |     6 ||     8
       Javelin           |       |       |       |     4 ||     4
       Throwing net      |       |       |       |     1 ||     1
 Cast: Magic Dart        |    56 |    55 |   251 |   231 ||   593
       Blink             |     1 |       |     2 |     4 ||     7
       Mephitic Cloud    |       |     6 |    24 |    63 ||    93
       Conjure Flame     |       |     2 |    19 |    27 ||    48
       Slow              |       |       |     7 |    15 ||    22
       Call Imp          |       |       |    12 |    35 ||    47
       Wereblood         |       |       |    10 |    10 ||    20
       Swiftness         |       |       |     1 |     3 ||     4
       Sticky Flame      |       |       |       |    29 ||    29
       Freeze            |       |       |       |     1 ||     1
Invok: Heroism           |       |       |     1 |     2 ||     3
Evoke: Wand              |       |       |       |    14 ||    14
  Use: Scroll            |     1 |     2 |     6 |    14 ||    23
       Potion            |     1 |       |       |     2 ||     3
 Stab: Sleeping          |       |     2 |     1 |     2 ||     5
       Confused          |       |     4 |    13 |    21 ||    38
       Distracted        |       |       |       |     1 ||     1
       Held in net/web   |       |       |       |     1 ||     1
Armor: Robe              |    13 |     4 |    18 |       ||    35
       Leather armour    |       |       |    44 |    19 ||    63
       Acid dragon scale |       |       |       |   103 ||   103
Dodge: Dodged            |    30 |    27 |   141 |   249 ||   447
Block: Buckler           |       |       |       |     6 ||     6
